 Dungeon Crawl Stone Soup version 0.29-a0-96-g93358da72b (webtiles) character file.

Game seed: 9928578386289785638

4090 jlumianski the Cleaver (level 10, -8/77 HPs)
             Began as a Hill Orc Fire Elementalist on Feb 12, 2022.
             Was a Follower of Beogh.
             Splashed by a goliath frog's acid (9 damage)
             ... summoned by a worldbinder
             ... on level 2 of the Abyss on Feb 13, 2022.
             The game lasted 01:11:18 (12163 turns).

jlumianski the Cleaver (HOFE)                      Turns: 12163, Time: 01:11:18

Health: -8/77      AC:  5    Str: 16    XL:     10   Next: 26%
Magic:  3/18       EV: 16    Int: 15    God:    Beogh [*.....]
Gold:   425        SH:  0    Dex: 14    Spells: 13/20 levels left

rFire   . . .      SeeInvis .   I - +1 hand axe (vorpal)
rCold   . . .      Faith    .   (no shield)
rNeg    . . .      Spirit   .   r - +0 leather armour
rPois   +          Reflect  .   (no helmet)
rElec   .          Harm     .   (no cloak)
rCorr   .          Rampage  .   y - +0 pair of fencer's gloves {Riposte Dex+3}
Will    .....                   q - +0 pair of boots
Stlth   ++........              (no amulet)
HPRegen 0.22/turn               i - +4 ring of evasion
MPRegen 0.16/turn               z - ring of poison resistance

@: no status effects
A: no striking features
a: Renounce Religion


You were on level 2 of the Abyss.
You worshipped Beogh.
Beogh was aware of your devotion.
You visited 1 branch of the dungeon, and saw 8 of its levels.
You visited the Abyss 1 time.

You collected 425 gold pieces.

Inventory:

Hand Weapons
 c - a +0 spear
 d - a +0 whip
 e - a +0 dagger
 k - a +0 short sword
 o - a +0 hand crossbow
 w - a +0 war axe
 D - a +2 spear
 E - a +4 whip
 G - a +0 antimagic trident
 H - a +2 dagger of venom
 I - a +1 vorpal hand axe (weapon)
 J - a +0 whip of electrocution
 L - a +3 hand axe
 M - a +0 dagger of speed
 N - a +1 dire flail
Missiles
 g - 24 bolts
 h - 92 arrows
 l - 111 stones
 v - 2 curare-tipped darts
 x - 7 throwing nets (quivered)
 B - 8 boomerangs
 P - 4 boomerangs of dispersal
Armour
 a - a +0 robe
 q - a +0 pair of boots (worn)
 r - a +0 leather armour (worn)
 y - the +0 pair of fencer's gloves (worn) {Riposte Dex+3}
   (You acquired it on level 4 of the Dungeon)

   It allows the wearer to riposte with melee weapons, swiftly retaliating
   against missed attacks.
   Dex:       It affects your dexterity (+3).
Jewellery
 i - a +4 ring of evasion (left hand)
 z - a ring of poison resistance (right hand)
Scrolls
 f - a scroll of amnesia
 p - a scroll of teleportation
 t - a scroll of holy word
 A - 2 scrolls of noise
 C - 2 scrolls of magic mapping
 F - a scroll of fog
 K - 2 scrolls of fear
 O - a scroll of identify
 S - a scroll of immolation {unknown}
Potions
 b - 2 potions of curing
 j - 2 potions of ambrosia
 m - 2 potions of mutation
 n - a potion of brilliance
 s - 2 potions of haste
 Q - a potion of resistance {unknown}
 R - a potion of flight {unknown}


   Skills:
 + Level 3.4 Fighting
 - Level 0.6 Short Blades
 * Level 8.4 Axes
 + Level 0.1 Crossbows
 + Level 0.1 Throwing
 + Level 3.6 Armour
 + Level 3.3 Dodging
 + Level 3.0 Stealth
 + Level 5.9 Spellcasting
 + Level 2.1 Conjurations
 + Level 0.1 Hexes
 + Level 7.0 Fire Magic
 * Level 4.8 Ice Magic
 * Level 1.0 Invocations


You had 13 spell levels left.
You knew the following spells:

 Your Spells              Type           Power      Damage    Failure   Level
a - Foxfire               Conj/Fire      72%        2x1d7     2%          1
b - Scorch                Fire           50%        2d7       1%          2
c - Frozen Ramparts       Ice            36%        1d5       8%          3
d - Slow                  Hex            16%        N/A       17%         1

Your spell library contained the following spells:

 Spells                   Type           Power      Damage    Failure   Level
 Conjure Flame            Conj/Fire      18%        6-21      9%          3
 Inner Flame              Hex/Fire       15%        N/A       12%         3
 Apportation              Tloc           8%         N/A       19%         1
 Sting                    Tmut/Pois      16%        1d3       19%         1
 Poisonous Vapours        Pois/Air       8%         N/A       26%         2
 Flame Wave               Conj/Fire      18%        2d6       26%         4
 Confusing Touch          Hex            4%         N/A       45%         3
 Vampiric Draining        Necr           4%         2d6       47%         3
 Ice Form                 Ice/Tmut       11%        N/A       54%         4
 Summon Ice Beast         Ice/Summ       11%        N/A       54%         4
 Olgreb's Toxic Radiance  Pois           4%         N/A       87%         4
 Alistair's Intoxication  Tmut/Pois      2%         N/A       99%         5
 Dispersal                Tloc           2%         N/A       100%        6
 Disjunction              Tloc           2%         N/A       100%        8


Dungeon Overview and Level Annotations

Branches:
Dungeon (8/15)             Temple (0/1) D:4
   Lair: D:8-11

Altars:
Ashenzari
Nemelex Xobeh

Portals:
Abyss: D:7

Annotations:
D:4 2 transporters, knot's ghost, amateur DsBe


Message History

The orb spider's fire resistance burns away.
The orb spider spins a strand of pure energy.
Casting: Scorch (safe; 1% risk of failure)
Confirm with . or Enter, or press ? or * to list all spells.
Flames lash the orb spider.
The orb spider is burned terribly!
The orb spider is heavily wounded.
Unknown command.
Casting: Scorch (safe; 1% risk of failure)
Confirm with . or Enter, or press ? or * to list all spells.
Flames lash the orb spider.
The orb spider is burned terribly!
The orb spider is severely wounded.
You hear a chilling moan.
The orb spider weaves a glowing orb of energy.
An orb of destruction comes into view.
Casting: Scorch (safe; 1% risk of failure)
Confirm with . or Enter, or press ? or * to list all spells.
Flames lash the orb spider.
The orb spider is burned terribly!
You kill the orb spider!
That felt strangely unrewarding.
The wavering orb of destruction hits you!!!
You start resting.
A worldbinder comes into view.
A hellwing comes into view.
The hellwing gives a chilling moan.
You hear a roar! x2
Something shouts, "Scamper away, thou obnoxious spleeny hugger-mugger!"
The worldbinder calls forth creatures from the Swamp!
The worldbinder calls forth creatures from the Swamp!
The bog body disappears in a puff of smoke!
The hellwing hits you! The hellwing barely misses you.
A smoke demon comes into view.
A smoke demon comes into view.
The bog body disappears in a puff of smoke!
The worldbinder calls forth creatures from the Swamp!
The hellwing swoops through the air toward you!
The hellwing closely misses you.
The hellwing hits you but does no damage.
The goliath frog hits you from afar!!
* * * LOW HITPOINT WARNING * * *
You are splashed with acid!
You die...

#####...# # ...
.## #..#.....# #
#####n...## # ## .
#..n##..# ## #.#.
#.......# # ..
..##.3#...##
#..#.###.#..#..#..
#....@##..#...# #
##.#.43x..##.....
##.#F#.....#..
###.##.##...# #.#
.... ## ### ##...#
#.# #.


You could see a hellwing, a goliath frog (summoned), a worldbinder and a smoke
demon.

Vanquished Creatures
  Harold (D:7)
  An orb spider (Abyss:2)
  The ghost of Zankyou the Thaumaturge, a novice DEFE (D:7)
  A rust devil (D:7)
  An orange demon (Abyss:2)
  A ynoxinul (Abyss:2)
  2 orc warriors
  2 black bears
  An ice beast (D:7)
  2 necrophages (D:5)
  5 ogres
  A centaur (D:7)
  4 scorpions
  A water moccasin skeleton (D:5)
  5 jellies
  8 wights
  A crimson imp (D:7)
  A bullfrog zombie (D:7)
  A bullfrog skeleton (D:4)
  7 orc priests
  5 hounds
  A centaur skeleton (D:7)
  3 iguanas (D:5)
  2 orc wizards
  3 gnolls
  11 adders
  A white imp (D:7)
  An ufetubus (Abyss:2)
  A worm (D:2)
  A dart slug (D:3)
  24 orcs
  9 endoplasms
  3 giant cockroaches
  4 goblins
  4 hobgoblins
  17 jackals
  4 kobolds
  A quokka (D:4)
  4 ball pythons
  4 bats
  5 frilled lizards
  7 rats
162 creatures vanquished.

Vanquished Creatures (others)
  An orc priest (D:4)
  3 orcs (D:4)
  An endoplasm (D:4)
  A giant cockroach (D:4)
  A goblin (D:4)
  A hobgoblin (D:4)
  A kobold (D:4)
  187 foxfires
196 creatures vanquished.

Grand Total: 358 creatures vanquished

Notes
Turn   | Place    | Note
-------+----------+-------------------------------------------
     0 | D:1      | jlumianski the Hill Orc Fire Elementalist began the quest
                  | for the Orb.
     0 | D:1      | Reached XP level 1. HP: 14/14 MP: 3/3
   272 | D:1      | Reached XP level 2. HP: 20/20 MP: 1/4
   278 | D:1      | Learned a level 2 spell: Scorch
  1069 | D:1      | Reached XP level 3. HP: 26/26 MP: 2/5
  1415 | D:1      | Found a faded altar of an unknown god.
  1758 | D:2      | Reached XP level 4. HP: 31/33 MP: 2/7
  1941 | D:2      | Learned a level 3 spell: Frozen Ramparts
  3145 | D:3      | Learned a level 1 spell: Slow
  3149 | D:3      | Reached XP level 5. HP: 39/39 MP: 1/8
  3426 | D:4      | Became a worshipper of Beogh the Brigand
  4105 | D:4      | Found a staircase to the Ecumenical Temple.
  4150 | D:4      | Reached skill level 1 in Axes
  4150 | D:4      | Reached skill level 1 in Armour
  4150 | D:4      | Reached skill level 1 in Ice Magic
  4152 | D:4      | Reached XP level 6. HP: 34/46 MP: 0/10
  4249 | D:4      | Found a transporter.
  4252 | D:4      | Noticed knot's ghost (amateur DsBe)
  4253 | D:4      | Found a transporter.
  4317 | D:4      | Identified a scroll of acquirement
  4317 | D:4      | Acquired the +0 pair of fencer's gloves {Riposte Dex+3}
  4317 | D:4      | Found the +0 pair of fencer's gloves {Riposte Dex+3}
  4528 | D:4      | Noticed a black bear
  4625 | D:4      | Reached skill level 2 in Axes
  4695 | D:4      | Killed a black bear
  4878 | D:4      | Reached skill level 3 in Axes
  4888 | D:4      | Reached XP level 7. HP: 47/51 MP: 7/11
  4919 | D:5      | Entered Level 5 of the Dungeon
  4925 | D:5      | Reached skill level 1 in Fighting
  5601 | D:5      | Reached * piety under Beogh
  5602 | D:5      | Reached skill level 4 in Axes
  6008 | D:6      | Reached XP level 8. HP: 58/61 MP: 13/13
  6242 | D:5      | Reached skill level 5 in Axes
  6385 | D:5      | Reached skill level 5 in Fire Magic
  7375 | D:6      | Found a broken altar of Ashenzari.
  7810 | D:5      | Reached skill level 6 in Axes
  8732 | D:6      | Reached XP level 9. HP: 68/68 MP: 11/15
  9628 | D:7      | Found a transporter.
  9654 | D:7      | Noticed Harold
  9659 | D:7      | Noticed Zankyou's ghost (novice DEFE)
  9677 | D:7      | Killed Harold
  9678 | D:7      | Reached skill level 7 in Axes
  9678 | D:7      | Reached skill level 5 in Spellcasting
  9979 | D:7      | Noticed a rust devil
  9981 | D:7      | Found a transporter.
 10150 | D:7      | Found a sparkling altar of Nemelex Xobeh.
 10250 | D:7      | Reached skill level 8 in Axes
 11182 | D:7      | Reached ** piety under Beogh
 11183 | D:7      | Reached XP level 10. HP: 77/77 MP: 12/18
 11312 | D:7      | Found a one-way gate to the infinite horrors of the Abyss.
 11395 | D:7      | Killed Zankyou's ghost
 11658 | D:7      | Killed a rust devil
 11659 | D:7      | Reached skill level 1 in Invocations
 11801 | D:7      | Cast into level 2 of the Abyss (kobold brigand)
 11866 | Abyss:2  | Noticed a starcursed mass
 12094 | Abyss:2  | Noticed an orange demon
 12111 | Abyss:2  | Killed an orange demon
 12147 | Abyss:2  | Noticed an orb spider
 12151 | Abyss:2  | Killed an orb spider
 12152 | Abyss:2  | Noticed a worldbinder
 12154 | Abyss:2  | Noticed a bog body
 12154 | Abyss:2  | Noticed a bog body
 12155 | Abyss:2  | Noticed a bog body
 12155 | Abyss:2  | Noticed a bog body
 12155 | Abyss:2  | Noticed a bog body
 12158 | Abyss:2  | Noticed a smoke demon
 12159 | Abyss:2  | Noticed a smoke demon
 12163 | Abyss:2  | Noticed a goliath frog
 12163 | Abyss:2  | HP: 1/77 [goliath frog[a worldbinder] (24)]
 12163 | Abyss:2  | Splashed by a goliath frog's acid

Illustrated notes

Levels and vault maps discovered:
D:1:      dpeg_arrival_tiny_k, layout_basic, ebering_ecumenical_altar_rust
D:2:      layout_loops_corners
D:3:      layout_loops_ring
D:4:      minmay_angry_zag, layout_loops_ring, minmay_temple_entry_fiery,
          gammafunk_ghost_arena
D:5:      layout_basic
D:6:      layout_rooms, mainiacjoe_overflow_24_doors, kennysheep_another_room
D:7:      layout_basic, nemelex_dance_club_becter,
          gammafunk_ghost_abyssal_escape, uniq_harold
D:8:      layout_loops_cross, serial_shops, kennysheep_mini_moat,
          hangedman_decor_points, roderic_filled_cross, uniq_maggie
Abyss:2:  base: D:7, grunt_abyss_exit_deep_breaths, hangedman_cross_veins

Skill      XL: |  1  2  3  4  5  6  7  8  9 10 |
---------------+-------------------------------+-----
Stealth        | 2 3 |  3.0
Spellcasting   | 2 3 4 5 |  5.9
Fire Magic     | 4 5 6 7 |  7.0
Axes           | 1 3 4 6 8 |  8.4
Armour         | 1 2 3 |  3.6
Ice Magic      | 1 2 3 4 |  4.8
Dodging        | 2 3 |  3.3
Fighting       | 2 3 |  3.4
Conjurations   | 2 |  2.1
Invocations    | 1 |  1.0
Short Blades   | |  0.6
Crossbows      | |  0.1
Throwing       | |  0.1
Hexes          | |  0.1

Action                   |  1- 3 |  4- 6 |  7- 9 | 10-12 || total
-------------------------+-------+-------+-------+-------++-------
Melee: Dagger            |    14 |       |       |       ||    14
       Short sword       |    19 |    49 |       |       ||    68
       War axe           |       |    18 |    54 |       ||    72
       Punch             |       |     2 |     6 |       ||     8
       Hand axe          |       |       |   126 |    11 ||   137
 Fire: Hand crossbow     |       |     1 |       |       ||     1
Throw: Stone             |       |     3 |       |       ||     3
       Dart              |       |     1 |       |       ||     1
       Throwing net      |       |       |       |     2 ||     2
       Boomerang         |       |       |       |     2 ||     2
 Cast: Foxfire           |    32 |    21 |    51 |     4 ||   108
       Scorch            |     4 |    25 |    61 |    16 ||   106
       Frozen Ramparts   |       |     2 |    14 |     7 ||    23
       Slow              |       |     1 |     2 |     1 ||     4
Invok: Convert to Beogh  |       |     1 |       |       ||     1
       Smiting           |       |       |       |     1 ||     1
  Use: Scroll            |     3 |     8 |     5 |     2 ||    18
       Potion            |       |       |     3 |     2 ||     5
 Stab: Sleeping          |     4 |     2 |     1 |       ||     7
Armor: Robe              |     8 |     6 |       |       ||    14
       Leather armour    |       |    14 |    34 |     9 ||    57
       Skin              |       |       |     5 |       ||     5
Dodge: Dodged            |    48 |    99 |   192 |    23 ||   362
       Rpst.: War axe    |       |     5 |    20 |       ||    25
       Hand axe          |       |       |    42 |     4 ||    46

Table legend: (Time is in decaauts)
 A = Elapsed time spent in this place.
 B = Non-inter-level travel time spent in this place.
 C = Inter-level travel time spent in this place.
 D = Time resting spent in this place.
 E = Time spent auto-exploring this place.
 F = Levels seen in this place.
 G = Mean time per level.
                   A        B        C        D        E       F      G
               +--------+--------+--------+--------+--------+-----+--------+
         Total |  12213 |  11933 |    280 |   3321 |   5120 |   9 | 1357.0 |
       Dungeon |  11852 |  11572 |    280 |   3056 |   5120 |   8 | 1481.5 |
         Abyss |    361 |    361 |      0 |    265 |      0 |   1 |  361.0 |
               +--------+--------+--------+--------+--------+-----+--------+

Top non-repeatable levels by time:
     D:5: 2871 daAuts
     D:7: 2099 daAuts
     D:2: 1512 daAuts
     D:6: 1496 daAuts
     D:1: 1496 daAuts
     D:4: 1236 daAuts
     D:3: 1028 daAuts
 Abyss:2: 361 daAuts
     D:8: 110 daAuts
